 Dungeon Crawl Stone Soup version 0.31.0-11-ge490571c62 (webtiles) character file.

Game seed: 5414304128491854723

842 qw the Shooter (level 7, -15/35 HPs)
             Began as a Spriggan Hunter on Feb 4, 2024.
             Was a Believer of Okawaru.
             Killed from afar by a steam dragon (18 damage)
             ... with a ball of steam
             ... on level 6 of the Dungeon.
             The game lasted 00:01:06 (4589 turns).

qw the Shooter (Spriggan Hunter)                    Turns: 4589, Time: 00:01:07

Health: -15/35     AC:  2    Str:  7    XL:     7   Next: 67%
Magic:  8/11       EV: 27    Int: 10    God:    Okawaru [**....]
Gold:   246        SH:  0    Dex: 21    Spells: 6/6 levels left

rFire   . . .        a - +0 shortbow (flame)
rCold   . . .        (shield currently unavailable)
rNeg    + . .        c - +0 robe
rPois   .            (helmet restricted)
rElec   .            (no cloak)
rCorr   .            (gloves unavailable)
SInv    +            (boots unavailable)
Will    +....        (no amulet)
Stlth   ++++         e - ring of Tulips {Fly rN+}
HPRegen 0.25/turn    (no ring)
MPRegen 0.12/turn

%: no passive effects
@: heroic, flying, very quick
A: very small, no large weapons, unfitting armour, see invisible, speed 3
a: Renounce Religion, Heroism


You were on level 6 of the Dungeon.
You worshipped Okawaru.
Okawaru was pleased with you.
You visited 1 branch of the dungeon, and saw 6 of its levels.

You collected 323 gold pieces.
You spent 77 gold pieces at shops.


Innate Abilities, Weirdness & Mutations

You are very small and have problems with some larger weapons.
You are too small for most types of armour.
You have supernaturally acute eyesight. (SInv)
You cover ground extremely quickly. (Speed+++)


   Skills:
 - Level 2.3(7.3) Fighting
 - Level 7.0(12.0) Ranged Weapons
 + Level 6.4(11.4) Dodging
 - Level 1.5(6.5) Stealth
 - Level 4.0 Invocations


You had 6 spell levels left.
You didn't know any spells.
Your spell library was empty.

Inventory:

Hand Weapons
 a - a +0 shortbow of flaming (weapon)
Armour
 c - a +0 robe (worn)
Jewellery
 e - the ring of Tulips (left hand) {Fly rN+}
   (You acquired it on level 3 of the Dungeon)

   [ring of flight]

   rN+:       It protects you from negative energy.
   Fly:       It grants you flight.
Wands
 h - a wand of mindburst (9)
 j - a wand of flame (14)
Scrolls
 g - 2 scrolls of identify
 i - 2 scrolls of teleportation
Potions
 b - a potion of curing
 d - a potion of haste
 f - 2 potions of cancellation
 k - a potion of heal wounds
 l - a potion of mutation

Dungeon Overview and Level Annotations

Branches:
Dungeon (6/15)             Temple (0/1) D:4

Altars:
Elyvilon
Fedhas
Okawaru
Qazlal
Sif Muna
Yredelemnul

Shops:
D:5 ?


Message History

The sky beast is severely wounded.
The sky beast completely misses you.
You shoot an arrow.
The arrow hits the sky beast but does no damage.
The sky beast is severely wounded.
The sky beast closely misses you.
The orc warrior throws a boomerang.
The boomerang barely misses the sky beast.
The boomerang hits you.
You shoot an arrow. The arrow hits the sky beast!
The arrow burns the sky beast.
The sky beast is almost dead.
The sky beast hits you. The sky beast shocks you.
You shoot an arrow. The arrow closely misses the sky beast.
The arrow hits the steam dragon.
The arrow burns the steam dragon.
The steam dragon is moderately wounded.
The sky beast hits you but does no damage.
The sky beast misses you. The orc warrior barely misses you.
You shoot an arrow. The arrow hits the sky beast.
The arrow burns the sky beast.
You kill the sky beast!
Okawaru accepts your kill. The steam dragon breathes steam at you.
The ball of steam misses you. The orc warrior closely misses you.
Your Invocations skill increases to level 4!
4587 ||| INVOKING Heroism.
You gain the combat prowess of a mighty hero.
You are engulfed in a cloud of scalding steam.
The orc warrior hits you with a +0 scimitar.
You shoot an arrow.
The arrow hits the steam dragon but does no damage.
The steam dragon is lightly wounded.
You are engulfed in a cloud of scalding steam.
You shoot an arrow. The arrow hits the steam dragon.
The arrow burns the steam dragon.
The steam dragon is moderately wounded.
You are engulfed in a cloud of scalding steam.
The orc warrior is engulfed in a cloud of scalding steam.
The orc warrior completely misses you. The steam dragon breathes steam at you.
The ball of steam hits you!!
Ouch! That really hurt!
You die...

.... .....# ..
...# .....# .).
...##.....#
...##...#.....##
....#...........
.......[.......
#..<.......
##.¤o¤.#....
#?.D@..# .
......##.¤#
...... ###¤..
##.... ....$
#.#. ..... ...#.
..... .. #...
#..


You could see a steam dragon (catching breath) and an orc warrior.

Vanquished Creatures
  A sky beast (D:6)
  An ogre (D:5)
  A centaur (D:5)
  A phantom (D:4)
  2 scorpions
  A howler monkey (D:4)
  5 hounds
  2 iguanas (D:5)
  2 orc wizards
  4 adders
  3 dart slugs
  2 ribbon worms
  9 orcs
  10 ball pythons
  7 endoplasms
  2 giant cockroaches (D:4)
  11 goblins
  A hobgoblin (D:1)
  8 jackals
  8 quokkas
  4 bats
  3 frilled lizards
  5 kobolds
  2 rats
95 creatures vanquished.

Notes
Turn   | Place    | Note
-------+----------+-------------------------------------------
     0 | D:1      | qw the Spriggan Hunter began the quest for the Orb.
     0 | D:1      | Reached XP level 1. HP: 10/10 MP: 2/2
     0 | D:1      | 0 ||| qw: Version: 0.3-a-160-g6735b56
     0 | D:1      | 0 ||| qw: Game counter: 6114
     0 | D:1      | 0 ||| qw: Melee chars always use a shield: true
     0 | D:1      | 0 ||| qw: God list: Okawaru
     0 | D:1      | 0 ||| qw: Allow faded altars: false
     0 | D:1      | 0 ||| qw: Do Orc after clearing Dungeon:15 true
     0 | D:1      | 0 ||| qw: Do second Lair branch before Depths: true
     0 | D:1      | 0 ||| qw: Lair rune preference: random
     0 | D:1      | 0 ||| qw: Goals: Normal
     0 | D:1      | 0 ||| PLANNING D:1-11
    19 | D:1      | Reached skill level 3 in Dodging
   163 | D:1      | Reached XP level 2. HP: 14/14 MP: 3/3
   761 | D:1      | 761 ||| DROPPING scroll of butterflies.
   858 | D:2      | Reached XP level 3. HP: 16/18 MP: 4/4
  1174 | D:2      | Found a faded altar of an unknown god.
  1334 | D:2      | 1334 ||| READING 3 scrolls labelled FESUVO FYLIED.
  1334 | D:2      | 1334 ||| IDENTIFYING amethyst potion
  1335 | D:2      | 1335 ||| READING 2 scrolls of identify.
  1335 | D:2      | 1335 ||| IDENTIFYING red potion
  1336 | D:2      | 1336 ||| READING scroll of identify.
  1336 | D:2      | 1336 ||| IDENTIFYING fizzy ruby potion
  1337 | D:2      | 1337 ||| READING scroll labelled WAUGAILLEA.
  1341 | D:2      | 1341 ||| READING scroll labelled NEKOETWUA.
  1442 | D:2      | 1442 ||| READING 2 scrolls labelled JASTRO YPRORO.
  1443 | D:2      | 1443 ||| DROPPING potion of degeneration.
  1444 | D:2      | 1444 ||| DROPPING scroll of immolation.
  1608 | D:3      | Found an iron altar of Okawaru.
  1609 | D:3      | 1609 ||| PLANNING OKAWARU WORSHIP
  1782 | D:3      | Reached skill level 5 in Ranged Weapons
  2381 | D:3      | 2381 ||| READING scroll labelled LOSETA CIASAHU.
  2381 | D:3      | Identified a scroll of acquirement
  2381 | D:3      | 2381 ||| ACQUIRING ring of Tulips {Fly rN+}
  2381 | D:3      | Acquired the ring of Tulips {Fly rN+}
  2383 | D:3      | 2383 ||| UPGRADING to ring of Tulips {Fly rN+}.
  2384 | D:3      | 2384 ||| READING scroll labelled XUJOPL KYUTIGA.
  2384 | D:3      | 2384 ||| BRANDING +0 shortbow.
  2385 | D:3      | 2385 ||| READING scroll labelled PUYNTA BIUDA.
  2385 | D:3      | 2385 ||| ENCHANTING +0 shortbow of flaming.
  2386 | D:3      | 2386 ||| READING scroll labelled NACKONN MIESCH.
  2484 | D:3      | Became a worshipper of Warmaster Okawaru
  2485 | D:3      | 2485 ||| PLANNING D:1-11
  2499 | D:4      | Found a blossoming altar of Fedhas.
  2521 | D:4      | Reached XP level 4. HP: 22/22 MP: 5/5
  2569 | D:4      | Reached XP level 5. HP: 23/26 MP: 6/6
  2738 | D:4      | Found a basalt altar of Yredelemnul.
  2753 | D:4      | Noticed a phantom
  2754 | D:4      | 2754 ||| DRINKING 2 potions of haste.
  2759 | D:4      | Killed a phantom
  2828 | D:4      | Reached * piety under Okawaru
  2829 | D:4      | Reached skill level 6 in Ranged Weapons
  2829 | D:4      | Reached XP level 6. HP: 30/30 MP: 7/7
  2854 | D:4      | Found a staircase to the Ecumenical Temple.
  2976 | D:4      | Found a shimmering blue altar of Sif Muna.
  3034 | D:4      | 3034 ||| READING 2 scrolls of identify.
  3034 | D:4      | 3034 ||| IDENTIFYING bubbling purple potion
  3035 | D:4      | 3035 ||| READING scroll of identify.
  3035 | D:4      | 3035 ||| IDENTIFYING bubbling inky potion
  3036 | D:4      | 3036 ||| READING scroll labelled YKHUPT LYKA.
  3037 | D:4      | 3037 ||| DROPPING potion of berserk rage.
  3064 | D:5      | Entered Level 5 of the Dungeon
  3190 | D:5      | Reached skill level 1 in Invocations
  3195 | D:5      | Found a white marble altar of Elyvilon.
  3595 | D:5      | Reached skill level 6 in Dodging
  3607 | D:5      | Reached XP level 7. HP: 26/35 MP: 9/9
  4002 | D:5      | Found a stormy altar of Qazlal.
  4003 | D:5      | 4003 ||| READING 3 scrolls of identify.
  4003 | D:5      | 4003 ||| IDENTIFYING fuming purple potion
  4004 | D:5      | 4004 ||| READING 2 scrolls of identify.
  4004 | D:5      | 4004 ||| IDENTIFYING green potion
  4005 | D:5      | 4005 ||| READING scroll of identify.
  4005 | D:5      | 4005 ||| IDENTIFYING scroll labelled HYICLEPREAMN
  4006 | D:5      | 4006 ||| DROPPING scroll of poison.
  4010 | D:5      | Reached skill level 3 in Invocations
  4282 | D:5      | Found The Oracle's Delphic Readings.
  4286 | D:5      | 4286 ||| BUYING scroll of identify (22 gold).
  4286 | D:5      | Bought a scroll of identify for 22 gold pieces
  4286 | D:5      | 4286 ||| BUYING scroll of identify (22 gold).
  4286 | D:5      | Bought a scroll of identify for 22 gold pieces
  4286 | D:5      | 4286 ||| BUYING scroll of teleportation (33 gold).
  4286 | D:5      | Bought a scroll of teleportation for 33 gold pieces
  4449 | D:6      | 4449 ||| STAIRDANCE
  4454 | D:6      | 4454 ||| STAIRDANCE
  4461 | D:5      | Reached skill level 7 in Ranged Weapons
  4580 | D:6      | Noticed a steam dragon
  4586 | D:6      | Reached ** piety under Okawaru
  4587 | D:6      | 4587 ||| INVOKING Heroism.
  4589 | D:6      | HP: 3/35 [steam dragon] (7)]
  4589 | D:6      | Killed from afar by a steam dragon

Levels and vault maps discovered:
D:1:      nzn_arrival_depleted_hourglass, layout_basic, corexii_corridor_pit
D:2:      layout_basic, shapermc_ecumenical_altar_notcrosses
D:3:      wad_lake_hut, layout_basic, general_overflow_altar, minmay_distorted
D:4:      minmay_recursive_quarters, layout_cave_pools, fedhas_ov_isle_minmay,
          mainiacjoe_overflow_big_doors, minmay_temple_entry_tees
D:5:      layout_layer_cave, nicolae_qazlal_eye_of_the_storm, elyvilon_altar_4,
          minmay_misc_feat_enclosed, grunt_decor_one_mirror, solitary_fountain,
          chequers_mini_garden, serial_library_regret_index_double_sided,
          nicolae_nh_oracle_at_delphi
D:6:      layout_cave_pools

Skill      XL: |  1  2  3  4  5  6  7 |
---------------+----------------------+-----
Dodging        | 3 4 5 6 |  6.4
Ranged Weapons | 5 6 7 |  7.0
Fighting       | 2 |  2.3
Invocations    | 2 4 |  4.0
Stealth        | |  1.5

Action                     |  1- 3 |  4- 6 |  7- 9 || total
---------------------------+-------+-------+-------++-------
   Fire: Shortbow          |   110 |    89 |    65 ||   264
 Invoke: Heroism           |       |       |     1 ||     1
    Use: Scroll            |    10 |     3 |     3 ||    16
         Potion            |       |     1 |       ||     1
 Armour: Robe              |    13 |     2 |    22 ||    37
  Dodge: Dodged            |    23 |    20 |    43 ||    86

Table legend:
 A = Non-vault XP
 B = Vault XP
 C = Vault XP percentage of total XP
 D = Non-vault monster count
 E = Vault monster count
 F = Vault count percentage of total count
                 A         B        C        D         E       F
            +---------+---------+-------+---------+---------+-------
      Total |    1013 |     191 |  15.9 |      81 |      13 |  13.8
            +---------+---------+-------+---------+---------+-------
        D:1 |      32 |       0 |   0.0 |      19 |       0 |   0.0
        D:2 |      37 |       0 |   0.0 |      19 |       0 |   0.0
        D:3 |      17 |       3 |  15.0 |       8 |       2 |  20.0
        D:4 |     274 |      60 |  18.0 |      11 |       9 |  45.0
        D:5 |     537 |     128 |  19.2 |      20 |       2 |   9.1
        D:6 |     116 |       0 |   0.0 |       4 |       0 |   0.0
            +---------+---------+-------+---------+---------+-------
